 Dungeon Crawl Stone Soup version 0.24.0-123-gd5b16e6ec5 (webtiles) character file.

Game seed: 17490157770384925705, levelgen mode: deterministic

176908 Gartch3 the Imperceptible (level 17, -9/88 (89) HPs)
             Began as a Spriggan Enchanter on Feb 2, 2020.
             Was the Champion of Wu Jian.
             Killed from afar by a thorn hunter (31 damage)
             ... with a volley of thorns
             ... on level 4 of the Swamp on Feb 6, 2020.
             The game lasted 07:46:42 (56421 turns).

Gartch3 the Imperceptible (Spriggan Enchanter)     Turns: 56421, Time: 07:46:43

HP:   -9/88 (89)    AC:  2    Str:  4    XL:     17   Next: 52%
MP:   31/37         EV: 35    Int: 23    God:    Wu Jian [******]
Gold: 2171          SH:  0    Dex: 19    Spells: 20/46 levels left

rFire    . . .     SeeInvis +   a - +2 dagger (venom)
rCold    + . .     Gourm    .   (shield restricted)
rNeg     . . .     Faith    .   F - +0 robe of Ybutz {Regen+ SInv}
rPois    .         Spirit   .   (helmet restricted)
rElec    .         Reflect  .   S - scarf {cloud immunity}
rCorr    .         Harm     .   (gloves unavailable)
MR       ++...                  (boots unavailable)
Stlth    +++++++++.             o - amulet of regeneration
HPRegen  1.04/turn              T - +3 ring of evasion
MPRegen  0.25/turn              i - ring of Loekk {rC+ Dex+2}

@: very quick
A: very small, unfitting armour, see invisible, herbivore, speed 3, slow
metabolism 2
a: Wall Jump, Serpent's Lash, Heavenly Storm, Renounce Religion


You were on level 4 of the Swamp.
You worshipped Wu Jian.
Wu Jian was exalted by your worship.
You were hungry.

You visited 5 branches of the dungeon, and saw 28 of its levels.
You also visited: Volcano.

You collected 2948 gold pieces.
You spent 777 gold pieces at shops.

Inventory:

Hand Weapons
 a - a +2 dagger of venom (weapon)
 w - a +2 dagger of draining
 Y - a +3 dagger
Missiles
 s - 33 boomerangs (quivered)
 B - 61 poisoned darts
Armour
 v - the +1 robe of Mipygg {rElec rN+}
   (You found it on level 1 of the Swamp)

   It insulates you from electricity.
   It protects you from negative energy.
 y - +0 swamp dragon scales
 F - the +0 robe of Ybutz (worn) {Regen+ SInv}
   (You found it on level 6 of the Dungeon)

   It lets you see invisible.
   It increases your rate of regeneration.
 H - a +2 buckler
 S - a scarf of cloud immunity (worn)
 Z - a +0 robe of magic resistance
Magical Staves
 b - an uncursed staff of energy
Jewellery
 e - a +3 amulet of reflection
 h - an uncursed ring of protection from fire
 i - the ring of Loekk (right hand) {rC+ Dex+2}
   (You acquired it on level 6 of the Lair of Beasts)

   [ring of dexterity]

   It affects your dexterity (+2).
   It protects you from cold.
 l - an uncursed ring of protection from fire
 o - an amulet of regeneration (around neck)
 t - the ring of Pyudd {rElec rC+}
   (You found it on level 4 of the Dungeon)

   [ring of protection from cold]

   It protects you from cold.
   It insulates you from electricity.
 E - an uncursed amulet of magic regeneration
 G - an uncursed ring of flight
 L - an uncursed ring of protection from cold
 T - a +3 ring of evasion (left hand)
Wands
 K - a wand of flame (18)
 M - a wand of acid (22)
 O - a wand of iceblast (12)
 P - a wand of paralysis (19)
 Q - a wand of disintegration (11)
Scrolls
 f - a scroll of enchant weapon
 g - 14 scrolls of remove curse
 j - 4 scrolls of magic mapping
 p - 2 scrolls of fear
 q - 12 scrolls of identify
 z - 3 scrolls of blinking
 C - 7 scrolls of teleportation
 I - 2 scrolls of fog
 R - a scroll of holy word
 V - a scroll of summoning
 X - a scroll of brand weapon
Potions
 c - 2 potions of invisibility
 k - a potion of ambrosia
 m - 4 potions of might
 n - 8 potions of heal wounds
 r - 4 potions of lignification
 u - 8 potions of curing
 x - a potion of haste
 A - 4 potions of flight
 D - 5 potions of brilliance
 J - 3 potions of magic
 N - 2 potions of berserk rage
 W - a potion of agility
Miscellaneous
 U - a lightning rod (4/4)
Comestibles
 d - 23 rations


   Skills:
 - Level 10.0 Fighting
 - Level 10.0 Short Blades
 - Level 15.2 Dodging
 + Level 25.6 Stealth
 - Level 15.3 Spellcasting
 + Level 16.5 Hexes


You had 20 spell levels left.
You knew the following spells:

 Your Spells              Type           Power        Failure   Level  Hunger
a - Invisibility          Hex            #######.     1%          6    ####...
b - Ensorcelled Hibernat  Hex/Ice        ######       1%          2    None
c - Confuse               Hex            #######.     0%          3    None
d - Dazzling Spray        Conj/Hex       ######       1%          3    None
e - Confusing Touch       Hex            ######       0%          1    None
f - Metabolic Englaciati  Hex/Ice        ######....   3%          5    ##.....
g - Yara's Violent Unrav  Hex/Tmut       ######....   3%          5    ##.....
h - Summon Butterflies    Summ           ###.....     3%          1    None

Your spell library contained the following spells:

 Spells                   Type           Power        Failure   Level  Hunger
 Corona                   Hex            #######      0%          1    None
 Tukima's Dance           Hex            #######.     0%          3    None
 Leda's Liquefaction      Hex/Erth       ######....   1%          4    None
 Apportation              Tloc           ###...       3%          1    None
 Sandblast                Erth           ###...       3%          1    None
 Corpse Rot               Necr           N/A          4%          2    None
 Passwall                 Tmut/Erth      ###.....     4%          2    None
 Gell's Gravitas          Tloc           ###.......   10%         3    None
 Lesser Beckoning         Tloc           ###.......   10%         3    None
 Stone Arrow              Conj/Erth      ###...       10%         3    None
 Petrify                  Tmut/Erth      ###.....     32%         4    None
 Alistair's Intoxication  Tmut/Pois      ###.....     67%         5    ##.....
 Bolt of Magma            Conj/Fire/Erth ###.......   67%         5    ##.....
 Iskenderun's Battlesphe  Conj/Chrm      ###.....     67%         5    ##.....
 Lee's Rapid Deconstruct  Erth           ###.......   67%         5    ##.....
 Summon Forest            Summ/Tloc      ###.......   67%         5    ##.....
 Venom Bolt               Conj/Pois      ###.......   67%         5    ##.....
 Hydra Form               Tmut           ###.......   99%         6    ####...
 Iron Shot                Conj/Erth      ###.......   99%         6    ####...
 Orb of Destruction       Conj           ###.......   100%        7    ######.
 Spellforged Servitor     Conj/Summ      ###.......   100%        7    ######.
 Summon Hydra             Summ           ###.......   100%        7    ######.


Dungeon Overview and Level Annotations

Branches:
Dungeon (15/15)            Temple (1/1) D:7            Lair (6/6) D:10
  Swamp (4/4) Lair:2        Snake (0/4) Lair:2        Slime (0/5) Lair:5
    Orc (2/2) D:10            Elf (0/3) Orc:2        Vaults (0/5) D:14
 Depths (0/5) D:15        Volcano (visited)

Altars:
Ashenzari
Cheibriados
Dithmenos
Elyvilon
Fedhas
Gozag
Hepliaklqana
Kikubaaqudgha
Makhleb
Nemelex Xobeh
Okawaru
Qazlal
Ru
Sif Muna
Trog
Uskayaw
Vehumet
Wu Jian
Xom
Yredelemnul
Zin
The Shining One
Beogh

Shops:
D:8 *   D:9 =   Orc:1 ((*[   Orc:2 [:(?

Annotations:
D:4 !wandering hornet
D:7 2 transporters, deaden27's ghost, novice HOBe
Lair:5 1 runed translucent door, exclusion: door, Yfuebugh's ghost, journeyman MiBe
Lair:6 endzone not yet done, exclusion: catoblepas
Swamp:3 Bai Suzhen


Innate Abilities, Weirdness & Mutations

You are very small and have problems with some larger weapons.
You are too small for most types of armour.
You have supernaturally acute eyesight. (SInv)
You are a herbivore.
You cover ground extremely quickly.
You need to consume almost no food.


Message History

The thorn hunter is severely damaged.
The thorn hunter hits you! The thorn hunter closely misses you.
You closely miss the thorn hunter.
The thorn hunter is severely damaged.
You closely miss the thorn hunter.
The thorn hunter is severely damaged.
The thorn hunter fires a volley of thorns at you.
The volley of thorns hits you!!
Casting: Confuse (safe; 0% risk of failure)
Confirm with . or Enter, or press ? or * to list all spells.
Aiming: Confuse (safe; 0% risk of failure)
Press: ? - help, Shift-Dir - straight line, f/p - thorn hunter
Aim: a thorn hunter (severely damaged, chance to defeat MR: 18%)
The thorn hunter resists with almost no effort.
The thorn hunter hits you!!
* * * LOW HITPOINT WARNING * * *
The thorn hunter misses you.
The thorn hunter fires a volley of thorns at you.
The volley of thorns hits you!!
You die...

≈...≈≈≈≈≈≈.≈≈..≈§.≈♣♣..≈...≈≈≈≈≈≈
♣.≈≈..≈≈..≈.≈≈.≈..♣♣♣♣...≈≈≈.♣♣♣♣
≈.≈≈.≈♣♣♣♣♣..≈≈≈≈.♣♣♣♣≈≈≈≈≈≈..♣
....♣♣♣ ♣≈...≈≈≈≈..≈≈≈≈≈≈≈≈.♣
≈≈.≈♣♣ ♣..♣♣♣♣♣♣♣♣≈♣♣♣≈♣≈≈≈.♣
≈≈≈≈≈♣♣♣ ♣♣♣♣ ♣♣♣ ♣♣♣♣≈♣.♣
≈≈≈≈≈..♣ ###### ♣♣♣♣♣ .≈≈≈≈≈.♣
##≈...♣ .≈≈≈≈.≈♣ ##≈.@.f♣
≈.≈≈≈.♣♣ ####.≈≈##.≈≈♣
≈.....♣♣##≈.≈..[# ≈≈.#
≈≈§♣♣≈.♣#≈.§#.≈## ≈..≈# ≈#
..≈.≈≈♣♣#≈.♣#.≈# .....#≈.#
..≈≈≈≈♣ #.≈≈#.≈## ≈≈.≈##≈≈#
...≈≈≈♣ #♣≈.##.≈##≈φ.##≈.#
?≈≈♣♣♣.♣ #≈.###≈≈#####..#
..≈♣♣♣♣♣##≈..###..≈≈.≈≈#


You could see a thorn hunter.

Vanquished Creatures
  Jorgrun (Orc:2)
  A thorn hunter (Swamp:4)
  Louise (D:15)
  An orc warlord (D:10)
  A very ugly thing (Swamp:3)
  Snorg (Lair:5)
  Josephine (Orc:2)
  Harold (D:8)
  3 ghost crabs
  3 centaur warriors
  28 two-headed ogres
  7 ogre magi
  23 hydras
  8 death yaks
  17 alligators
  Urug (Lair:4)
  A spriggan berserker (Swamp:4)
  A shock serpent (shapeshifter) (D:13)
  3 tengu warriors
  Nergalle (Lair:4)
  8 spriggans
  5 skeletal warriors (D:14)
  2 unseen horrors
  18 swamp dragons
  3 wizards (D:15)
  Pikel (D:8)
  A wolf spider zombie (D:15)
  2 deep elf magi
  5 orc knights
  21 ugly things
  3 orc sorcerers
  An oklob plant (Lair:5)
  6 cyclopes
  2 manticores
  A guardian serpent (shapeshifter) (D:15)
  8 black mambas
  12 elephants
  Maurice (D:9)
  2 torpor snails
  3 gargoyles
  20 spiny frogs
  A rime drake (Lair:2)
  9 centaur skeletons
  A kobold demonologist (D:13)
  8 komodo dragons
  10 yaktaurs
  A freezing wraith (D:15)
  A tengu conjurer (D:15)
  6 trolls
  A wind drake (shapeshifter) (D:14)
  10 hornets
  6 tyrant leeches
  A harpy skeleton (D:14)
  3 meliai (D:15)
  14 blink frogs
  10 hippogriffs
  6 slime creatures
  Grinder (D:6)
  6 bog bodies
  22 dream sheep
  2 spriggans (shapeshifter) (D:15)
  32 yaks
  4 shadows
  A hungry ghost (D:11)
  5 wyverns
  4 wraiths
  3 steam dragons
  Eustachio (D:6)
  10 wargs
  34 vampire mosquitoes
  Menkaure (D:6)
  A soldier ant (D:12)
  14 swamp worms
  3 insubstantial wisps (Swamp:2)
  2 nagas (Lair:2)
  5 water moccasins
  An acid dragon (D:15)
  5 porcupines
  4 hell hounds (Volcano)
  A slave (D:8)
  12 swamp drakes
  24 orc warriors
  An ice beast (D:5)
  2 black bears
  2 necrophages
  37 ogres
  A phantom (D:13)
  A boggart (D:14)
  13 wolves
  15 centaurs
  10 crocodiles
  10 big kobolds
  30 bullfrogs
  An elf zombie (D:8)
  3 wyvern skeletons
  5 scorpions
  29 killer bees
  2 vampire bats (D:8)
  9 wights
  5 electric eels
  7 crimson imps
  A quasit (D:8)
  7 centaur zombies
  11 orc priests
  8 hounds
  6 jellies
  A gnoll shaman (D:5)
  4 human zombies (D:8)
  A human skeleton (D:8)
  2 iguanas
  35 orc wizards
  8 worker ants
  A killer bee zombie (D:6)
  An ogre zombie (D:8)
  An ogre skeleton (D:8)
  A hound zombie (D:10)
  2 hound skeletons
  4 mummies
  2 howler monkey zombies
  4 gnolls (D:5)
  5 adders
  6 shadow imps
  3 oozes (Lair:5)
  An adder zombie (D:9)
  2 worms
  3 leopard geckos
  95 orcs
  7 bats
  3 bat skeletons (D:8)
  2 bat zombies (D:8)
  6 giant cockroaches
  10 goblins
  12 hobgoblins
  14 jackals
  6 quokkas
  2 frilled lizards
  A giant cockroach zombie (D:5)
  34 kobolds
  A quokka skeleton (D:5)
  5 rats
1016 creatures vanquished.

Vanquished Creatures (others)
  An orc priest (Orc:2)
  A bush (Lair:5)
  28 fungi
  31 plants
61 creatures vanquished.

Grand Total: 1077 creatures vanquished

Notes
Turn   | Place    | Note
-------+----------+-------------------------------------------
     0 | D:1      | Gartch3 the Spriggan Enchanter began the quest for the Orb.
     0 | D:1      | Reached XP level 1. HP: 9/9 MP: 5/5
   488 | D:1      | Reached XP level 2. HP: 13/13 MP: 6/6
   502 | D:1      | Reached skill level 5 in Stealth
   506 | D:1      | Learned a level 2 spell: Ensorcelled Hibernation
  2092 | D:2      | Reached XP level 3. HP: 12/16 MP: 8/8
  2195 | D:2      | Found an opulent altar of Gozag.
  3091 | D:2      | Learned a level 3 spell: Confuse
  4066 | D:3      | Reached skill level 6 in Stealth
  4807 | D:4      | Noticed a hornet
  4833 | D:4      | Got a coiled amber ring
  4837 | D:4      | Identified the ring of Pyudd {rElec rC+} (You found it on
                  | level 4 of the Dungeon)
  4927 | D:3      | Reached XP level 4. HP: 21/21 MP: 9/9
  5011 | D:4      | You fall into a shaft and drop 1 floor!
  5011 | D:5      | Entered Level 5 of the Dungeon
  6081 | D:4      | Reached skill level 7 in Stealth
  6081 | D:4      | Reached XP level 5. HP: 24/24 MP: 10/10
  6330 | D:4      | Noticed an ogre
  6332 | D:4      | Killed an ogre
  6332 | D:4      | Reached XP level 6. HP: 28/28 MP: 11/11
  6512 | D:5      | Noticed an ice beast
  6600 | D:5      | Found a snail-covered altar of Cheibriados.
  6741 | D:5      | Reached skill level 5 in Short Blades
  6741 | D:5      | Reached skill level 8 in Stealth
  7872 | D:5      | Reached skill level 5 in Hexes
  8014 | D:5      | Reached XP level 7. HP: 31/32 MP: 13/13
  9815 | D:5      | You fall into a shaft and drop 2 floors!
  9924 | D:6      | Noticed Menkaure
 10173 | D:7      | Found a transporter.
 10225 | D:7      | Noticed a steam dragon
 10293 | D:7      | Found a bloodstained altar of Trog.
 10295 | D:7      | Noticed deaden27's ghost (novice HOBe)
 10300 | D:7      | Found a transporter.
 10314 | D:7      | Identified the +7 dire flail of Truth {freeze, *Drain rN++
                  | MR+}
 10314 | D:7      | Noticed a two-headed ogre
 10315 | D:7      | Noticed a moth of wrath
 10471 | D:7      | Found a staircase to the Ecumenical Temple.
 10505 | D:7      | Reached XP level 8. HP: 31/36 MP: 15/15
 10570 | Temple   | Entered the Ecumenical Temple
 10720 | Temple   | Became a worshipper of the Wu Jian Council
 10802 | D:7      | Reached skill level 1 in Fighting
 11152 | D:6      | Noticed Grinder
 11208 | D:6      | Noticed Eustachio
 11697 | D:6      | Reached skill level 5 in Dodging
 11926 | D:6      | Found a shadowy altar of Dithmenos.
 11980 | D:6      | Got a faintly glowing robe
 11991 | D:6      | Identified the cursed +0 robe of Ybutz {Regen+ SInv} (You
                  | found it on level 6 of the Dungeon)
 12130 | D:6      | Killed Eustachio
 12130 | D:6      | Reached * piety under Wu Jian
 12483 | D:6      | Reached XP level 9. HP: 44/44 MP: 16/16
 13363 | D:8      | Reached skill level 9 in Stealth
 13641 | D:8      | Reached skill level 10 in Stealth
 13662 | D:8      | Found Comuf's Assorted Antiques.
 13686 | D:8      | Bought an onyx ring for 140 gold pieces
 13893 | D:8      | Reached ** piety under Wu Jian
 13934 | D:8      | Noticed Harold
 14203 | D:8      | Found a basalt altar of Yredelemnul.
 14205 | D:8      | Reached skill level 11 in Stealth
 14304 | D:8      | Reached skill level 12 in Stealth
 14887 | D:8      | Found a glowing silver altar of Zin.
 15161 | D:8      | Reached XP level 10. HP: 48/48 MP: 10/17
 16117 | D:8      | Noticed a three-headed hydra
 16473 | D:9      | Reached *** piety under Wu Jian
 16602 | D:9      | Found Iggog's Jewellery Shop.
 16647 | D:9      | Noticed Maurice
 16693 | D:9      | Noticed a two-headed ogre
 16706 | D:9      | Killed a two-headed ogre
 16706 | D:9      | Reached skill level 5 in Spellcasting
 17099 | D:9      | Found a sparkling altar of Nemelex Xobeh.
 17678 | D:10     | Entered Level 10 of the Dungeon
 17720 | D:10     | Noticed a two-headed ogre
 17724 | D:10     | Found an opulent altar of Gozag.
 17726 | D:10     | Found a staircase to the Orcish Mines.
 18303 | D:10     | Reached skill level 10 in Dodging
 18333 | D:10     | Reached skill level 13 in Stealth
 18482 | D:10     | Found a staircase to the Lair.
 18835 | D:10     | Noticed an elephant
 18949 | D:10     | Reached XP level 11. HP: 53/53 MP: 16/21
 19282 | D:10     | Reached **** piety under Wu Jian
 19504 | D:10     | Reached skill level 5 in Fighting
 19538 | D:10     | Killed a two-headed ogre
 19847 | Lair:1   | Entered Level 1 of the Lair of Beasts
 21092 | Lair:1   | Reached skill level 10 in Hexes
 21579 | Lair:2   | Found a staircase to the Snake Pit.
 21667 | Lair:2   | Found a staircase to the Swamp.
 21682 | Lair:2   | Reached skill level 14 in Stealth
 21984 | Lair:2   | Noticed a five-headed hydra
 21984 | Lair:2   | Noticed a death yak
 22239 | Lair:2   | Reached skill level 10 in Short Blades
 22260 | Lair:2   | Killed a five-headed hydra
 22399 | Lair:2   | Reached XP level 12. HP: 60/60 MP: 22/22
 22503 | Lair:2   | Noticed a death yak
 22504 | Lair:2   | Noticed a six-headed hydra
 22509 | Lair:2   | Killed a death yak
 22511 | Lair:2   | Killed a six-headed hydra
 22511 | Lair:2   | Reached skill level 15 in Stealth
 22715 | Lair:2   | Noticed a six-headed hydra
 22718 | Lair:2   | Killed a six-headed hydra
 22718 | Lair:2   | Reached skill level 15 in Dodging
 23009 | Lair:3   | Reached ***** piety under Wu Jian
 23073 | Lair:3   | Learned a level 6 spell: Invisibility
 24496 | Lair:3   | Reached skill level 16 in Stealth
 25509 | Lair:4   | Noticed Nergalle
 25511 | Lair:4   | Killed Nergalle
 25875 | Lair:4   | Reached XP level 13. HP: 51/65 MP: 25/25
 25924 | Lair:4   | Noticed Urug
 25997 | Lair:4   | Killed Urug
 26299 | Lair:4   | Found a runed translucent door.
 26657 | Lair:5   | Found a staircase to the Slime Pits.
 27035 | Lair:5   | Found a stormy altar of Qazlal.
 27313 | Lair:5   | Reached skill level 17 in Stealth
 27453 | Lair:5   | Noticed Snorg
 27460 | Lair:5   | You fall into a shaft and drop 1 floor!
 27460 | Lair:6   | Entered Level 6 of the Lair of Beasts
 27500 | Lair:6   | Identified a scroll of acquirement
 27501 | Lair:6   | Got a fine lead ring
 27503 | Lair:6   | Identified the ring of Loekk {rC+ Dex+2} (You acquired it
                  | on level 6 of the Lair of Beasts)
 27542 | Lair:6   | Found a dark tunnel.
 27563 | Volcano  | Entered a volcano
 27953 | Lair:5   | Found a runed translucent door.
 27954 | Lair:5   | Found a shimmering altar of Xom.
 27954 | Lair:5   | Noticed Yfuebugh's ghost (journeyman MiBe)
 29138 | Lair:6   | Reached skill level 18 in Stealth
 30443 | Orc:1    | Entered Level 1 of the Orcish Mines
 30443 | Orc:1    | Found Efodiec's Antique Weapon Boutique.
 30453 | Orc:1    | Noticed an orc warlord
 30495 | D:10     | Reached skill level 19 in Stealth
 30729 | D:6      | Killed Grinder
 31259 | D:6      | Killed Menkaure
 31576 | D:8      | Killed Harold
 31843 | D:8      | Noticed Pikel
 31849 | D:8      | Killed Pikel
 31849 | D:8      | Reached XP level 14. HP: 72/72 MP: 26/26
 31883 | D:8      | Found an ancient bone altar of Kikubaaqudgha.
 31902 | D:8      | Reached ****** piety under Wu Jian
 32288 | D:9      | Killed Maurice
 33421 | Lair:5   | Found a runed translucent door.
 33421 | Lair:5   | Found a shimmering altar of Xom.
 33463 | Lair:5   | Found a stormy altar of Qazlal.
 33524 | Lair:5   | Found a staircase to the Slime Pits.
 33642 | Lair:5   | Learned a level 3 spell: Dazzling Spray
 35566 | D:11     | Reached skill level 20 in Stealth
 36277 | D:10     | Killed an orc warlord
 36675 | Orc:1    | Found Ustrust's General Store.
 36688 | Orc:1    | Found Haats's Armour Shoppe.
 36694 | Orc:1    | Bought a scroll of enchant armour for 97 gold pieces
 36694 | Orc:1    | Bought a scroll of blinking for 97 gold pieces
 36694 | Orc:1    | Bought a scroll of summoning for 123 gold pieces
 37204 | Orc:1    | Found Tirif's Antique Weapon Shoppe.
 37376 | Orc:2    | Entered Level 2 of the Orcish Mines
 37624 | Orc:2    | Noticed Josephine
 38187 | Orc:2    | Killed Josephine
 39330 | Orc:2    | Reached skill level 21 in Stealth
 39905 | Orc:2    | Found a roughly hewn altar of Beogh.
 39993 | Orc:2    | Found a staircase to the Elven Halls.
 40044 | Orc:2    | Found Qaplit's Book Shoppe.
 40044 | Orc:2    | Found Liuledam's Magic Scroll Boutique.
 40045 | Orc:2    | Found Cuv Beq's Antique Armour Shop.
 40045 | Orc:2    | Found Fofiusm's Antique Weapon Shoppe.
 40052 | Orc:2    | Bought a book of Misfortune for 320 gold pieces
 40054 | Orc:2    | Learned a level 1 spell: Confusing Touch
 40061 | Orc:2    | Reached XP level 15. HP: 79/79 MP: 27/27
 40167 | Orc:2    | Noticed Jorgrun
 40169 | Orc:2    | Killed Jorgrun
 40401 | D:12     | Reached skill level 10 in Fighting
 42055 | D:13     | Found a white marble altar of Elyvilon.
 42108 | D:13     | Reached skill level 22 in Stealth
 42281 | D:13     | Reached skill level 15 in Hexes
 43973 | D:14     | Identified the cursed +0 ring mail "Beoqirph" {rF- rN+
                  | Int+3}
 44146 | D:14     | Reached skill level 23 in Stealth
 44247 | D:14     | Found a gate to the Vaults.
 44412 | D:15     | Entered Level 15 of the Dungeon
 44536 | D:15     | Noticed Louise
 44936 | D:15     | Killed Louise
 45545 | D:15     | Reached XP level 16. HP: 80/84 MP: 19/29
 46538 | D:15     | Found a blossoming altar of Fedhas.
 46903 | D:15     | Found a staircase to the Depths.
 47177 | D:15     | Reached skill level 10 in Spellcasting
 47927 | D:15     | Found a shadowy altar of Dithmenos.
 48559 | Swamp:1  | Entered Level 1 of the Swamp
 48561 | Swamp:1  | Reached skill level 24 in Stealth
 49273 | Swamp:1  | Got a distressingly furry robe
 49284 | Swamp:1  | Identified the cursed +1 robe of Mipygg {rElec rN+} (You
                  | found it on level 1 of the Swamp)
 51200 | Swamp:3  | Noticed Bai Suzhen
 51565 | Swamp:3  | Learned a level 5 spell: Metabolic Englaciation
 51606 | Swamp:3  | Learned a level 5 spell: Yara's Violent Unravelling
 51608 | Swamp:3  | Learned a level 1 spell: Summon Butterflies
 52286 | Swamp:3  | Reached XP level 17. HP: 72/88 MP: 18/35
 52378 | Swamp:3  | Reached skill level 25 in Stealth
 52860 | Swamp:4  | Entered Level 4 of the Swamp
 54969 | Lair:5   | Killed Snorg
 55642 | Swamp:4  | Reached skill level 15 in Spellcasting
 56421 | Swamp:4  | Killed from afar by a thorn hunter

Levels and vault maps discovered:
D:1:      lemuel_arrival_river_bridge, layout_rooms, serial_park_tiny_1
D:2:      layout_loops_corners, lemuel_doored_altar
D:3:      layout_rooms, grunt_decor_one_mirror, minmay_statues_item,
          minmay_misc_feat_diagonals, uniq_crazy_yiuf_cottage
D:4:      layout_basic, first_ration, corner_web_ring,
          minmay_goblin_kobold_house
D:5:      layout_gridville, slow_altar_2, kennysheep_generic_room_6
D:6:      layout_cave_pods, lemuel_crystal_altar, uniq_menkaure, uniq_eustachio,
          uniq_grinder
D:7:      kennysheep_steamy, layout_basic, minmay_temple_entry_mini_moons,
          gammafunk_ghost_wrathful_warriors
D:8:      layout_loops_corners, kennysheep_vampire_church, marbit_many_paths,
          serial_shops, nicolae_shop_overgrown_old_shop, hangedman_ranch
          [blue_anna_fruit_fields], lemuel_mausoleum_altar_yredelemnul,
          uniq_harold, uniq_pikel
D:9:      layout_irregular_city, old_standard_altar, serial_shops, shop,
          uniq_maurice
D:10:     layout_stronghold, david_lair_generic, david_orc_3,
          nicolae_gozag_cash_rules_everything_around_me
D:11:     layout_long_grid
D:12:     layout_irregular_city
D:13:     layout_grid_maze, elyvilon_altar_3
D:14:     layout_cave_pools, hangedman_vaults_entry_quadrant_bands,
          serial_column_ruins, column_ruins_hut_ruined,
          column_ruins_open_medium, column_ruins_open_tiny_water,
          column_ruins_open_tiny, column_ruins_open_tiny, column_ruins_grid_1,
          column_ruins_columns_corner, column_ruins_grid_1,
          roderic_serpentine_path, minmay_holes
D:15:     grunt_enter_depths_magical_seal, layout_layer_cave, fedhas_altar_4,
          roderic_lattice_a, nicolae_dithmenos_the_darkroom, uniq_louise
Temple:   nicolae_temple_elliptical
Lair:1:   layout_cave_pods
Lair:2:   layout_cave_pods, swamp_mist_pool, guppyfry_snake_entry_island,
          minmay_shattered_shrine
Lair:3:   layout_gridlike, serial_bayou_shore_a, grunt_megastairs_2
Lair:4:   layout_hall_layers, pf_torpor_hydra, uniq_urug, uniq_nergalle
Lair:5:   layout_long_grid, nicolae_slime_entry_slimehenge, ebering_ghost_xom,
          basic_altar, columned_hall_lemuel, uniq_snorg
Lair:6:   evilmike_catoblepas_cave, layout_misc_corridors,
          nicolae_volcano_entry_hallway
Swamp:1:  layout_falls_marsh, hangedman_swamp_cone
Swamp:2:  layout_basic_swamp, nicolae_swamp_dense_foliage
Swamp:3:  layout_basic_swamp, evilmike_swamp_ruin_rubble_2, uniq_bai_suzhen
Swamp:4:  swamp_basic_johnstein, layout_basic_swamp, swamp_pool5,
          hangedman_swamp_blocks, infiniplex_staircase_pool
Orc:1:    layout_diamond_mine, serial_shops, shop, nicolae_shop_stone,
          shop_fountains, shop
Orc:2:    st_orc_ogre_mass, layout_caves, basic_altar, uniq_josephine,
          uniq_jorgrun

Skill      XL: |  1  2  3  4  5  6  7  8  9 10 11 12 13 14 15 16 17 |
---------------+----------------------------------------------------+-----
Stealth        | 5 6 7 8 12 13 14 16 19 21 23 24 25 | 25.6
Short Blades   | 2 3 4 5 8 9 10 | 10.0
Hexes          | 4 5 8 9 10 12 14 16 | 16.5
Spellcasting   | 3 4 6 7 8 13 15 | 15.3
Fighting       | 3 4 6 8 9 10 | 10.0
Dodging        | 8 10 13 15 | 15.2

Action                   |  1- 3 |  4- 6 |  7- 9 | 10-12 | 13-15 | 16-18 || total
-------------------------+-------+-------+-------+-------+-------+-------++-------
Melee: Dagger            |   169 |    70 |   534 |   451 |   998 |   677 ||  2899
       Short sword       |    88 |    36 |    43 |       |       |       ||   167
 Fire: Hunting sling     |    30 |    83 |    15 |       |       |       ||   128
Throw: Stone             |     7 |       |       |       |       |       ||     7
       Boomerang         |       |     9 |    31 |    37 |    44 |    51 ||   172
 Cast: Ensorcelled Hiber |     5 |     9 |    34 |   167 |   446 |   101 ||   762
       Confuse           |       |       |     6 |    14 |   159 |   220 ||   399
       Dazzling Spray    |       |       |       |       |    11 |    13 ||    24
       Confusing Touch   |       |       |       |       |     3 |    14 ||    17
       Yara's Violent Un |       |       |       |       |       |     4 ||     4
       Metabolic Englaci |       |       |       |       |       |     3 ||     3
Invok: Lunge             |       |       |    27 |    90 |   239 |   104 ||   460
       Whirlwind         |       |       |     9 |     7 |    39 |    16 ||    71
 Abil: Wall Jump         |       |       |       |       |     1 |       ||     1
  Use: Scroll            |     4 |     2 |     7 |     2 |    13 |    10 ||    38
 Stab: Sleeping          |    10 |    10 |    50 |   111 |   304 |    81 ||   566
       Confused          |       |       |     3 |     9 |    88 |   151 ||   251
       Distracted        |       |       |     3 |     6 |    14 |     3 ||    26
       Invisible         |       |       |       |       |     4 |       ||     4
  Eat: Ration            |     1 |     2 |     4 |     5 |     9 |     6 ||    27
Armor: Robe              |    29 |    10 |     6 |     1 |     8 |     8 ||    62
Dodge: Dodged            |   204 |    64 |   254 |   223 |   579 |   404 ||  1728
Block: Buckler           |       |       |       |       |     1 |   128 ||   129
